[ AOE2 MATCH · #505203613 ]
UnrankedSpanish vs Mongols
Player's team · WIN
Rival team · LOSS
[ REPLAY ANALYSIS · EXTRACTED FROM THE RECORDED GAME ]
Feudal
13:51
Castle
18:03
Imperial
—
| APM avg | 87.2 |
| APM peak | 148 |
| eAPM avg | 48.0 |
| Villagers / military | 38 / 7 |
Focus
⚔️ 50.7% · 🌾 49.3%
Militia ×3 · Conquistador ×3 · Missionary ×1
Feudal
9:04
Castle
—
Imperial
—
| APM avg | 71.5 |
| APM peak | 109 |
| eAPM avg | 30.1 |
| Villagers / military | 39 / 5 |
Focus
⚔️ 35.0% · 🌾 65.0%
Scout Cavalry ×5
Match map
Initial resources + every placement click. Lines = walls · curves = elevation contours. ◆ gold · ⬟ stone · ● berries · ✦ relic · ◌ wall gap
Your base· ✓ Closed at 18:03 · 77t walls · no gate
Hackali's base· Open — opponent sealed themselves in
Smoothed initial terrain · ◌ = detected wall gap · hover for details
Inputs per minute
— TAG_Mihai06 - - Hackali
Build order — TAG_Mihai06
121 actions detected in the replay
| 0:00 | Create | Villager (Male) |
| 0:02 | Build | House |
| 0:03 | Build | House |
| 0:04 | Build | House |
| 0:04 | Create | Villager (Male) |
| 0:09 | Create | Villager (Male) |
| 0:16 | Create | Villager (Male) |
| 1:35 | Create | Villager (Male) |
| 1:50 | Build | Lumber Camp |
| 1:59 | Create | Villager (Male) |
| 2:14 | Create | Villager (Male) |
| 2:47 | Create | Villager (Male) |
| 3:07 | Create | Villager (Male) |
| 3:30 | Create | Villager (Male) |
| 3:54 | Create | Villager (Male) |
| 4:30 | Create | Villager (Male) |
| 4:45 | Create | Villager (Male) |
| 4:50 | Build | Barracks |
| 5:10 | Research | Loom |
| 5:15 | Create | Villager (Male) |
| 5:33 | Create | Militia |
| 5:38 | Build | House |
| 5:43 | Create | Villager (Male) |
| 5:44 | Create | Militia |
| 5:59 | Build | House |
| 6:01 | Create | Villager (Male) |
| 6:14 | Create | Villager (Male) |
| 6:26 | Create | Militia |
| 6:38 | Build | Mill |
| 7:01 | Create | Villager (Male) |
| 7:22 | Create | Villager (Male) |
| 7:33 | Build | Farm |
| 7:41 | Create | Villager (Male) |
| 7:45 | Build | Palisade Wall |
| 7:50 | Build | Palisade Wall |
| 8:11 | Build | Palisade Wall |
| 8:12 | Build | Palisade Wall |
| 8:14 | Create | Villager (Male) |
| 8:19 | Build | House |
| 8:25 | Build | House |
| 8:27 | Build | House |
| 8:28 | Create | Villager (Male) |
| 8:38 | Build | Palisade Wall |
| 8:45 | Build | Farm |
| 9:01 | Create | Villager (Male) |
| 9:17 | Build | Palisade Wall |
| 9:36 | Create | Villager (Male) |
| 9:40 | Build | Palisade Wall |
| 9:40 | Build | Palisade Wall |
| 9:41 | Build | Palisade Wall |
| 9:45 | Create | Villager (Male) |
| 9:48 | Build | Palisade Wall |
| 9:51 | Build | Palisade Wall |
| 9:58 | Build | Farm |
| 10:00 | Build | Farm |
| 10:09 | Create | Villager (Male) |
| 10:11 | Build | Palisade Wall |
| 10:11 | Build | Palisade Wall |
| 10:12 | Build | Palisade Wall |
| 10:17 | Research | Loom |
| 10:27 | Build | Farm |
| 10:29 | Build | Farm |
| 10:30 | Build | Farm |
| 10:45 | Create | Villager (Male) |
| 10:45 | Research | Loom |
| 10:50 | Build | Farm |
| 11:11 | Research | Feudal Age |
| 11:14 | Build | Mining Camp |
| 11:36 | Build | House |
| 11:51 | Build | Mining Camp |
| 11:53 | Create | Villager (Male) |
| 11:56 | Build | Palisade Wall |
| 12:05 | Build | Palisade Wall |
| 12:33 | Build | Palisade Wall |
| 12:33 | Build | Palisade Wall |
| 12:33 | Build | Palisade Wall |
| 12:33 | Build | Palisade Wall |
| 12:38 | Build | Palisade Wall |
| 13:51 | Age | Feudal Age |
| 13:52 | Build | Blacksmith |
| 13:55 | Build | Market |
| 13:57 | Create | Villager (Male) |
| 14:18 | Create | Villager (Male) |
| 14:31 | Build | Palisade Wall |
| 14:38 | Build | Stone Wall |
| 14:41 | Build | Stone Wall |
| 14:50 | Build | Lumber Camp |
| 15:23 | Research | Castle Age |
| 15:38 | Build | Farm |
| 15:40 | Build | Farm |
| 16:11 | Research | Horse Collar |
| 16:17 | Build | Farm |
| 16:23 | Build | Stone Wall |
| 16:24 | Build | Stone Wall |
| 16:24 | Build | Stone Wall |
| 16:25 | Build | Stone Wall |
| 16:26 | Build | Stone Wall |
| 16:36 | Build | Farm |
| 16:45 | Research | Double-Bit Axe |
| 17:01 | Build | Palisade Wall |
| 17:39 | Create | Villager (Male) |
| 18:03 | Age | Castle Age |
| 18:10 | Build | Castle |
| 18:12 | Research | Fletching |
| 18:17 | Create | Villager (Male) |
| 18:28 | Build | Monastery |
| 18:38 | Build | Town Center |
| 18:49 | Create | Villager (Male) |
| 19:12 | Create | Conquistador |
| 19:12 | Create | Villager (Male) |
| 19:22 | Create | Missionary |
| 19:24 | Create | Conquistador |
| 19:27 | Build | House |
| 19:30 | Build | Palisade Wall |
| 19:56 | Create | Villager (Male) |
| 19:56 | Create | Villager (Male) |
| 20:04 | Build | Palisade Wall |
| 20:06 | Build | Farm |
| 20:12 | Create | Villager (Male) |
| 20:19 | Create | Conquistador |
| 20:19 | Create | Villager (Male) |
Build order — Hackali
131 actions detected in the replay
| 0:01 | Create | Villager (Male) |
| 0:02 | Build | House |
| 0:03 | Build | House |
| 0:05 | Create | Villager (Male) |
| 0:05 | Create | Villager (Male) |
| 0:21 | Create | Villager (Male) |
| 0:21 | Create | Villager (Male) |
| 1:29 | Create | Villager (Male) |
| 2:04 | Create | Villager (Male) |
| 2:05 | Create | Villager (Male) |
| 2:41 | Create | Villager (Male) |
| 2:50 | Create | Villager (Male) |
| 2:53 | Build | Lumber Camp |
| 3:00 | Create | Villager (Male) |
| 3:02 | Build | House |
| 3:34 | Create | Villager (Male) |
| 3:47 | Build | Palisade Wall |
| 4:14 | Create | Villager (Male) |
| 4:33 | Create | Villager (Male) |
| 4:33 | Create | Villager (Male) |
| 4:54 | Build | House |
| 5:29 | Research | Loom |
| 5:31 | Create | Villager (Male) |
| 5:32 | Build | Mill |
| 5:42 | Build | Palisade Wall |
| 6:51 | Create | Villager (Male) |
| 6:54 | Research | Feudal Age |
| 7:00 | Build | Palisade Wall |
| 7:32 | Create | Villager (Male) |
| 7:56 | Build | Palisade Wall |
| 7:57 | Build | Palisade Wall |
| 7:58 | Build | Palisade Wall |
| 8:00 | Build | Palisade Wall |
| 8:02 | Build | Palisade Wall |
| 8:04 | Build | Palisade Wall |
| 8:17 | Build | Palisade Wall |
| 8:28 | Build | Barracks |
| 8:58 | Build | House |
| 9:04 | Age | Feudal Age |
| 9:07 | Create | Villager (Male) |
| 9:32 | Create | Villager (Male) |
| 9:40 | Build | Stable |
| 9:46 | Create | Villager (Male) |
| 10:08 | Research | Double-Bit Axe |
| 10:12 | Create | Scout Cavalry |
| 10:12 | Create | Scout Cavalry |
| 10:12 | Create | Scout Cavalry |
| 10:13 | Create | Scout Cavalry |
| 10:13 | Create | Scout Cavalry |
| 10:53 | Build | House |
| 10:59 | Build | Watch Tower |
| 11:01 | Create | Villager (Male) |
| 11:03 | Build | House |
| 11:12 | Build | Mill |
| 11:26 | Build | Farm |
| 11:27 | Create | Villager (Male) |
| 11:37 | Build | Farm |
| 11:44 | Build | House |
| 11:46 | Create | Villager (Male) |
| 12:04 | Build | Palisade Gate |
| 12:12 | Build | Farm |
| 12:23 | Create | Villager (Male) |
| 12:24 | Build | Farm |
| 12:38 | Create | Villager (Male) |
| 12:43 | Build | Mining Camp |
| 12:54 | Create | Villager (Male) |
| 13:22 | Build | Farm |
| 13:23 | Build | Farm |
| 13:33 | Create | Villager (Male) |
| 14:07 | Create | Villager (Male) |
| 14:24 | Build | Watch Tower |
| 14:33 | Build | Farm |
| 14:34 | Build | Farm |
| 14:42 | Create | Villager (Male) |
| 14:49 | Build | Palisade Wall |
| 14:50 | Build | Palisade Wall |
| 14:50 | Build | Palisade Wall |
| 14:51 | Build | Palisade Wall |
| 14:51 | Build | Palisade Wall |
| 14:52 | Build | Palisade Wall |
| 14:52 | Build | Palisade Wall |
| 14:52 | Build | Palisade Wall |
| 14:54 | Build | Palisade Wall |
| 14:54 | Build | Palisade Wall |
| 14:54 | Build | Palisade Wall |
| 14:54 | Build | Palisade Wall |
| 14:55 | Build | Palisade Wall |
| 14:55 | Build | Palisade Wall |
| 14:55 | Build | Palisade Wall |
| 14:55 | Build | Palisade Wall |
| 14:56 | Build | Palisade Wall |
| 14:56 | Build | Palisade Wall |
| 14:56 | Build | Palisade Wall |
| 14:56 | Build | Palisade Wall |
| 14:57 | Build | Palisade Wall |
| 15:00 | Create | Villager (Male) |
| 15:26 | Create | Villager (Male) |
| 15:29 | Build | House |
| 15:36 | Create | Villager (Male) |
| 15:57 | Build | Farm |
| 15:58 | Build | Farm |
| 16:12 | Build | Watch Tower |
| 16:15 | Create | Villager (Male) |
| 16:15 | Create | Villager (Male) |
| 16:38 | Build | Mining Camp |
| 17:00 | Create | Villager (Male) |
| 17:15 | Build | Palisade Wall |
| 17:15 | Build | Palisade Wall |
| 17:15 | Build | Palisade Wall |
| 17:16 | Build | Palisade Wall |
| 17:16 | Build | Palisade Wall |
| 17:16 | Build | Palisade Wall |
| 17:16 | Build | Palisade Wall |
| 17:17 | Build | Palisade Wall |
| 17:17 | Build | Palisade Wall |
| 17:17 | Build | Palisade Wall |
| 17:18 | Build | Palisade Wall |
| 17:19 | Build | Palisade Wall |
| 17:23 | Build | Palisade Wall |
| 17:27 | Create | Villager (Male) |
| 17:34 | Build | Blacksmith |
| 18:18 | Create | Villager (Male) |
| 18:44 | Research | Castle Age |
| 19:00 | Research | Gold Mining |
| 19:05 | Create | Villager (Male) |
| 19:08 | Build | House |
| 19:09 | Build | Palisade Wall |
| 19:53 | Research | Fletching |
| 19:53 | Research | Fletching |
| 20:04 | Research | Stone Mining |
| 20:09 | Build | Market |
Match timeline
| 3:47 | Hackali · wall_segment Palisade Wall x8 |
| 4:50 | TAG_Mihai06 · first_building Barracks |
| 5:42 | Hackali · wall_segment Palisade Wall x6 |
| 7:00 | Hackali · wall_segment Palisade Wall x9 |
| 7:45 | TAG_Mihai06 · wall_segment Palisade Wall x8 |
| 7:50 | TAG_Mihai06 · wall_segment Palisade Wall x2 |
| 7:56 | Hackali · wall_segment Palisade Wall x1 |
| 7:57 | Hackali · wall_segment Palisade Wall x1 |
| 7:58 | Hackali · wall_segment Palisade Wall x1 |
| 8:00 | Hackali · wall_segment Palisade Wall x1 |
| 8:02 | Hackali · wall_segment Palisade Wall x1 |
| 8:04 | Hackali · wall_segment Palisade Wall x1 |
| 8:11 | TAG_Mihai06 · wall_segment Palisade Wall x2 |
| 8:12 | TAG_Mihai06 · wall_segment Palisade Wall x6 |
| 8:17 | Hackali · wall_segment Palisade Wall x1 |
| 8:28 | Hackali · first_building Barracks |
| 8:38 | TAG_Mihai06 · wall_segment Palisade Wall x6 |
| 9:04 | Hackali · age_up feudal |
| 9:17 | TAG_Mihai06 · wall_segment Palisade Wall x8 |
| 9:40 | Hackali · first_building Stable |
| 9:40 | TAG_Mihai06 · wall_segment Palisade Wall x3 |
| 9:40 | TAG_Mihai06 · wall_segment Palisade Wall x2 |
| 9:41 | TAG_Mihai06 · wall_segment Palisade Wall x4 |
| 9:48 | TAG_Mihai06 · wall_segment Palisade Wall x1 |
| 9:51 | TAG_Mihai06 · wall_segment Palisade Wall x6 |
| 10:11 | TAG_Mihai06 · wall_segment Palisade Wall x1 |
| 10:11 | TAG_Mihai06 · wall_segment Palisade Wall x1 |
| 10:12 | TAG_Mihai06 · wall_segment Palisade Wall x1 |
| 11:56 | TAG_Mihai06 · wall_segment Palisade Wall x4 |
| 12:05 | TAG_Mihai06 · wall_segment Palisade Wall x3 |
| 12:33 | TAG_Mihai06 · wall_segment Palisade Wall x1 |
| 12:33 | TAG_Mihai06 · wall_segment Palisade Wall x1 |
| 12:33 | TAG_Mihai06 · wall_segment Palisade Wall x1 |
| 12:33 | TAG_Mihai06 · wall_segment Palisade Wall x1 |
| 12:38 | TAG_Mihai06 · wall_segment Palisade Wall x5 |
| 13:51 | TAG_Mihai06 · age_up feudal |
| 14:31 | TAG_Mihai06 · wall_segment Palisade Wall x1 |
| 14:38 | TAG_Mihai06 · wall_segment Stone Wall x5 |
| 14:41 | TAG_Mihai06 · wall_segment Stone Wall x4 |
| 14:49 | Hackali · wall_segment Palisade Wall x1 |
| 14:50 | Hackali · wall_segment Palisade Wall x1 |
| 14:50 | Hackali · wall_segment Palisade Wall x1 |
| 14:51 | Hackali · wall_segment Palisade Wall x1 |
| 14:51 | Hackali · wall_segment Palisade Wall x1 |
| 14:52 | Hackali · wall_segment Palisade Wall x1 |
| 14:52 | Hackali · wall_segment Palisade Wall x2 |
| 14:52 | Hackali · wall_segment Palisade Wall x1 |
| 14:54 | Hackali · wall_segment Palisade Wall x2 |
| 14:54 | Hackali · wall_segment Palisade Wall x1 |
| 14:54 | Hackali · wall_segment Palisade Wall x1 |
| 14:54 | Hackali · wall_segment Palisade Wall x2 |
| 14:55 | Hackali · wall_segment Palisade Wall x1 |
| 14:55 | Hackali · wall_segment Palisade Wall x1 |
| 14:55 | Hackali · wall_segment Palisade Wall x2 |
| 14:55 | Hackali · wall_segment Palisade Wall x1 |
| 14:56 | Hackali · wall_segment Palisade Wall x1 |
| 14:56 | Hackali · wall_segment Palisade Wall x1 |
| 14:56 | Hackali · wall_segment Palisade Wall x2 |
| 14:56 | Hackali · wall_segment Palisade Wall x1 |
| 14:57 | Hackali · wall_segment Palisade Wall x1 |
| 16:23 | TAG_Mihai06 · wall_segment Stone Wall x1 |
| 16:24 | TAG_Mihai06 · wall_segment Stone Wall x1 |
| 16:24 | TAG_Mihai06 · wall_segment Stone Wall x1 |
| 16:25 | TAG_Mihai06 · wall_segment Stone Wall x1 |
| 16:26 | TAG_Mihai06 · wall_segment Stone Wall x1 |
| 17:01 | TAG_Mihai06 · wall_segment Palisade Wall x1 |
| 17:15 | Hackali · wall_segment Palisade Wall x1 |
| 17:15 | Hackali · wall_segment Palisade Wall x1 |
| 17:15 | Hackali · wall_segment Palisade Wall x2 |
| 17:16 | Hackali · wall_segment Palisade Wall x1 |
| 17:16 | Hackali · wall_segment Palisade Wall x1 |
| 17:16 | Hackali · wall_segment Palisade Wall x1 |
| 17:16 | Hackali · wall_segment Palisade Wall x1 |
| 17:17 | Hackali · wall_segment Palisade Wall x1 |
| 17:17 | Hackali · wall_segment Palisade Wall x2 |
| 17:17 | Hackali · wall_segment Palisade Wall x2 |
| 17:18 | Hackali · wall_segment Palisade Wall x1 |
| 17:19 | Hackali · wall_segment Palisade Wall x1 |
| 17:23 | Hackali · wall_segment Palisade Wall x1 |
| 18:03 | TAG_Mihai06 · age_up castle |
| 18:10 | TAG_Mihai06 · first_building Castle |
| 18:28 | TAG_Mihai06 · first_building Monastery |
| 19:09 | Hackali · wall_segment Palisade Wall x1 |
| 19:30 | TAG_Mihai06 · wall_segment Palisade Wall x1 |
| 20:04 | TAG_Mihai06 · wall_segment Palisade Wall x1 |
| 20:17 | TAG_Mihai06 · first_market_sell 100 stone |
| 20:18 | TAG_Mihai06 · first_market_buy 100 food |
| 20:23 | Hackali · resign |
[ AI ANALYSIS · 1 CREDIT ]
What really happened in this match?
Wolo.gg analyzes every decision: build order, eco, micro, common mistakes by bracket. Personalized analysis on WhatsApp or Discord in 30 seconds.
Civ guide
Spanish
Perfil
Jugador #288714